woodfighter, chaotic female human Barbarian ----- ----- ----- ------------ |...| |.%.-# |*...#####|....>.....|# #....| |...|# |..^| #...........|# ###|...| |.<.|# |....# ##|..........|# ###.....# -----# |...| -+------.---######-----# # |...| ###u############## # # -.--- @ # ### # # # ###################### # # # # -.-.--## # ### ----------- # # |....|#` # # ---.........| # # |....|###### # ###|...........| ## # |....+### -.---# #)...........| #-------.----- ------####|...|# |....%......| #|............############### ##....-# |...........| #|...........| # |%..| |.........--- #|...........|######## ----- ----------- #............| ------------- woodfighter the Bandit Experience level: 6 Strength: 18/01 Dexterity: 16 Constitution: 19 Intelligence: 8 Wisdom: 7 Charisma: 6 Health: 0(74) Energy: 13(13) Def: 3 Gold: 399 Moves: 2263 Dungeon seed: nb0HbVzKrPrIF8z2 Game ID: woodfighter_1561750182 Your Inventory: Coins $ - 399 gold pieces Weapons a - a +0 battle-axe (weapon in hands) Armor e - an uncursed +0 ring mail (being worn) q - an uncursed +0 orcish helm r - an uncursed +0 orcish helm y - an uncursed +0 orcish helm N - a cursed -1 orcish helm Y - an uncursed +0 orcish helm Comestibles f - an uncursed cram ration k - 2 uncursed eucalyptus leaves o - 3 uncursed sprigs of wolfsbane x - an uncursed fortune cookie A - 2 uncursed tins of iguana meat B - an uncursed food ration Scrolls d - a blessed scroll of teleportation i - 2 uncursed scrolls of scare monster l - an uncursed scroll of light m - a blessed scroll of enchant weapon n - an uncursed scroll of confuse monster Potions h - 2 uncursed potions of water z - an uncursed potion of extra healing E - an uncursed potion of levitation Rings C - an uncursed ring of regeneration Tools p - a magic marker (0:78) D - a +0 unicorn horn Spells and supernatural/magical abilities: Name Level Category Fail Memory W - pray for help -- divine ? -- Your skills at the end: Miscellaneous Skills bare handed combat [Basic] Weapon Skills axe [Skilled] short sword [Basic] Spellcasting Skills Final Attributes: You were piously aligned. You were poison resistant. You are dead. You faced a greater challenge. Vanquished creatures: a small mimic an owlbear a white unicorn a rock piercer a fog cloud a gnome lord 2 giant ants a kitten an iguana 10 hill orcs 4 jitterbugs a giant bat a coyote an acid blob a large kobold 2 geckos 2 hobgoblins a giant rat 4 cave spiders a brown mold a fox 2 newts 2 goblins a sewer rat 9 grid bugs 2 bats 2 lichens 57 creatures vanquished. Voluntary challenges: You did not adorn yourself with jewelry or accessories. You did not cause conflict. You were not invisible. You did not have reflection. You were not displaced. You were an atheist. You used a wielded weapon 68 times, starting on turn 25. You did not use containers. You did not apply a unicorn horn. You did not use plumbed fixtures. You did not drink any magical draughts. You were illiterate. You never genocided any monsters. You never polymorphed an object. You never changed form. You used no wishes. You never split a pudding. You never wrote Elbereth's name. You never violated your personal moral code. Dungeon overview: The Dungeons of Doom: levels 1 to 7 Level 1 (box) some fountains a long staircase Level 2 Level 3 stairs to The Gnomish Mines Level 4 Level 5 a scroll shop Level 6 <- You were here Level 7 The Gnomish Mines: Level 4 stairs to The Dungeons of Doom History has recorded: On T:1 you entered the Dungeons of Doom to retrieve the Amulet of Yendor! On T:45 you reached level 2 of The Dungeons of Doom. On T:520 you advanced to experience level 2. On T:533 you reached level 3 of The Dungeons of Doom. On T:784 you reached level 1 of The Gnomish Mines. On T:901 you advanced to experience level 3. On T:1014 you reached level 4 of The Dungeons of Doom. On T:1341 you advanced to experience level 4. On T:1373 you reached level 5 of The Dungeons of Doom. On T:1636 you advanced to experience level 5. On T:1657 you reached level 6 of The Dungeons of Doom. On T:1837 you advanced to experience level 6. On T:2000 you reached level 7 of The Dungeons of Doom. Score breakdown: Gold: 399 ( 39 points) Experience: 6 levels ( 500 points) Exploration: 7 levels ( 180 points) Discoveries: 9 items ( 450 points) Variety of kills: 27 monsters ( 1350 points) Major goal: (nothing yet) ( 0 points) Survival: died (score multiplied by 6) Total score: 15114 Latest messages: You finish eating the brown mold corpse. You stop exploring. The owlbear punches you! (2x) You swing your battle-axe in a wide arc. You smite the owlbear! The owlbear punches you! (2x) You swing your battle-axe in a wide arc. You smite the owlbear! The owlbear punches you! (2x) The owlbear grabs you! You swing your battle-axe in a wide arc. You kill the owlbear! You see here an owlbear corpse. An acid blob blocks your way. (2x) You stop exploring. The horse kicks! The horse bites! You swing your battle-axe in a wide arc. You smite the horse! The horse kicks! The horse bites! You swing your battle-axe in a wide arc. You smite the horse! The horse kicks! The horse bites! The horse kicks! You die... Final status: Goodbye woodfighter the Barbarian, killed by a horse... You died in The Dungeons of Doom on dungeon level 6 with 15114 points, and 399 pieces of gold, after 2263 moves. You were level 6 with a maximum of 74 hit points when you died.